AoeStats
← THL

Arabia

507482096Analyzed
3v3 RM · 14d ago on Sep 18, 2026· 46m 21s· 6 players
Game mode
Random Map
Map size
Normal (6 player)
Population
200
Speed
Normal
Resources
Standard
Victory
Conquest
Starting age
Dark Age
Ending age
Imperial Age
RankedLock teamsTeams togetherTeam positionsShared explorationLock speedFull tech treeHidden civsTurbo modeCheats
Victory
Defeat
🇹🇼 Koreans · Taiwan
1559
+14
🇨🇳 Inca · China
1535
+15
🇨🇳 Poles · China
1493
+16
🇻🇳 Italians · Vietnam
1580
-18
🇨🇳 Spanish · China
1474
-14
🇺🇸 Goths · United States
1458
-13
THL
6:49 Loom
8:53 Feudal Age
10:22 Double-Bit Axe
12:05 Fletching
16:40 Padded Archer Armor
21:48 Castle Age
21:30 Stone Mining
21:31 Gold Mining
21:24 Horse Collar
21:54 Crossbowman
22:31 Bodkin Arrow
22:47 Bow Saw
23:50 Ballistics
31:11 Wheelbarrow
36:10 Imperial Age
34:16 Hand Cart
39:33 Imperial Age
Danilo Solari
7:08 Loom
10:01 Feudal Age
10:45 Double-Bit Axe
10:24 Man-at-Arms
18:41 Fletching
27:01 Padded Archer Armor
29:22 Castle Age
29:09 Gold Mining
30:34 Bow Saw
37:26 Horse Collar
38:02 Bodkin Arrow
40:09 Bow Saw
42:39 Imperial Age
40:23 Scale Mail Armor
40:34 Forging
40:29 Squires
40:13 Pikeman
41:49 Stone Mining
42:07 Anarchy
42:45 Chain Mail Armor
43:43 Conscription
45:41 Iron Casting
无助小羊
7:39 Loom
9:57 Feudal Age
13:55 Castle Age
22:16 Padded Archer Armor
25:40 Wheelbarrow
26:00 Leather Archer Armor
26:40 Husbandry
27:44 Bloodlines
29:01 Double-Bit Axe
31:59 Bow Saw
31:30 Horse Collar
41:47 Imperial Age
39:37 Gold Mining
43:33 Ring Archer Armor
44:31 Hand Cart
44:32 Scale Barding Armor
44:29 Elite Conquistador
Haosbot
6:43 Loom
9:28 Feudal Age
10:11 Double-Bit Axe
14:16 Forging
14:06 Fletching
22:17 Castle Age
23:01 Castle Age
21:01 Horse Collar
21:14 Gold Mining
23:23 Crossbowman
24:01 Bodkin Arrow
25:48 Bow Saw
27:11 Ballistics
30:02 Heavy Plow
30:45 Wheelbarrow
34:32 Thumb Ring
35:36 Gold Shaft Mining
34:53 Stone Mining
38:42 Imperial Age
37:24 Hand Cart
40:35 Chemistry
39:08 Arbalester
41:11 Bracer
43:25 Conscription
不西西
5:58 Loom
8:30 Feudal Age
8:54 Champi Runner
9:52 Double-Bit Axe
15:19 Fletching
17:22 Horse Collar
18:19 Padded Archer Armor
19:41 Wheelbarrow
23:02 Castle Age
21:54 Scale Mail Armor
23:17 Elite Skirmisher
23:55 Bodkin Arrow
24:15 Leather Archer Armor
26:31 Bow Saw
27:42 Champi Warrior
28:23 Squires
28:39 Chain Mail Armor
28:42 Arson
29:23 Gold Mining
30:43 Forging
32:05 Gold Shaft Mining
33:12 Heavy Plow
33:57 Iron Casting
40:42 Hand Cart
40:24 Town Watch
41:15 Thumb Ring
43:47 Imperial Age
42:54 Ballistics
43:51 Elite Champi Warrior
44:30 Stone Mining
45:11 Crop Rotation
45:58 Plate Mail Armor
46:28 Blast Furnace
45:58 Plate Mail Armor
45:30 Bracer
EricLu6
8:36 Feudal Age
6:53 Loom
9:42 Double-Bit Axe
10:19 Horse Collar
13:56 Bloodlines
22:43 Castle Age
20:47 Gold Mining
21:04 Stone Mining
23:32 Scale Barding Armor
23:30 Husbandry
23:46 Forging
23:52 Bow Saw
23:45 Heavy Plow
25:15 Wheelbarrow
27:04 Chain Barding Armor
30:01 Light Cavalry
31:38 Iron Casting
30:54 Fletching
32:23 Szlachta Privileges
37:35 Hand Cart
37:30 Town Watch
39:48 Murder Holes
42:50 Imperial Age
40:31 Guard Tower
42:10 Ballistics
41:38 Treadmill Crane
42:52 Cavalier
44:34 Blast Furnace
44:26 Keep
44:52 Chemistry
43:40 Arrowslits
44:58 Chemistry
43:56 Bodkin Arrow
46:02 Crop Rotation
45:51 Bracer
Connection lost

Rejoining the realm…

Still unreachable

The connection could not be restored.

Session expired

The server has moved on; the page needs a fresh start.